 Dungeon Crawl Stone Soup version 0.27.1-35-g4d5d836560 (webtiles) character file.

Game seed: 18410270458215363497

3913 Delamore the Basher (level 10, -11/66 HPs)
             Began as an Octopode Brigand on Oct 1, 2022.
             Was an Initiate of Gozag.
             Engulfed by a steam dragon's steam (16 damage)
             ... on level 8 of the Dungeon.
             The game lasted 00:23:05 (12056 turns).

Delamore the Basher (Octopode Brigand)             Turns: 12056, Time: 00:23:06

Health: -11/66     AC:  1    Str: 12    XL:     10   Next: 20%
Magic:  10/10      EV: 15    Int: 19    God:    Gozag
Gold:   537        SH:  5    Dex: 16    Spells: 9/9 levels left

rFire    . . .     SeeInvis .   u - +2 trident (vamp)
rCold    . . .     Faith    .   s - +0 buckler
rNeg     . . .     Spirit   .   (helmet restricted)
rPois    .         Reflect  .   (no amulet)
rElec    .         Harm     .   f - +6 ring of intelligence
rCorr    .         Rampage  .   (no ring)
Will     .....                  (no ring)
Stlth    ++++......             (no ring)
HPRegen  0.21/turn              (no ring)
MPRegen  0.12/turn              (no ring)
                                (no ring)
                                (no ring)

@: no status effects
A: almost no armour, amphibious, 8 rings, camouflage 1, gelatinous body 1,
(nimble swimmer 1), tentacles
a: Renounce Religion, Potion Petition, Call Merchant, Bribe Branch


You were on level 8 of the Dungeon.
You worshipped Gozag.
Gozag was pleased with you.
You visited 2 branches of the dungeon, and saw 10 of its levels.
You also visited: Ossuary.

You collected 979 gold pieces.
You paid 442 gold pieces to Gozag.

Inventory:

Hand Weapons
 a - a +3 dagger
 j - a +1 whip of electrocution
 u - a +2 vampiric trident (weapon)
 w - a +0 whip of draining
Missiles
 b - 24 poisoned darts
 c - 2 curare-tipped darts
 d - a throwing net
 g - 171 stones
 E - 6 boomerangs (quivered)
 G - 4 javelins
Armour
 s - a +0 buckler (worn)
Jewellery
 f - a +6 ring of intelligence (left tentacle)
 x - a ring of ice
Wands
 t - a wand of polymorph (11)
 D - a wand of iceblast (2)
 H - a wand of digging (6)
Scrolls
 e - 2 scrolls of enchant armour
 h - 2 scrolls of fear
 i - 2 scrolls of fog {unknown}
 k - 3 scrolls of enchant weapon
 l - a scroll of vulnerability
 m - 3 scrolls of immolation {unknown}
 n - a scroll of teleportation
 p - a scroll of amnesia
 v - a scroll of summoning {unknown}
 y - a scroll of noise {unknown}
 F - 2 scrolls of identify
Potions
 o - 2 potions of berserk rage {unknown}
 q - a potion of attraction {unknown}
 r - 3 potions of flight {unknown}
 z - 2 potions of curing {unknown}
 A - 2 potions of brilliance {unknown}
 B - 3 potions of lignification {unknown}
 C - 2 potions of degeneration {unknown}
 I - a potion of heal wounds


   Skills:
 - Level 5.0 Fighting
 - Level 6.8 Short Blades
 * Level 8.2 Maces & Flails
 + Level 6.1 Throwing
 - Level 4.7 Dodging
 - Level 5.3 Stealth
 - Level 4.0 Shields


You had 9 spell levels left.
You didn't know any spells.
Your spell library contained the following spells:

 Spells                   Type           Power      Damage    Failure   Level
 Corpse Rot               Necr/Air       N/A        N/A       30%         2
 Poisonous Vapours        Pois/Air       0%         N/A       30%         2
 Freezing Cloud           Conj/Ice/Air   0%         6-21      99%         5


Dungeon Overview and Level Annotations

Branches:
Dungeon (9/15)             Temple (1/1) D:5         Ossuary (visited)
   Lair: D:8-11         Orc: D:9-12

Altars:
Ashenzari
Cheibriados
Dithmenos
Elyvilon
Fedhas
Gozag
Hepliaklqana
Makhleb
Nemelex Xobeh
Okawaru
Ru
Sif Muna
Trog
Uskayaw
Vehumet
Wu Jian
Xom
Yredelemnul
Zin
The Shining One

Annotations:
D:4 1 runed translucent door, peterlawrence's ghost, amateur MiFi
D:7 Maggie


Innate Abilities, Weirdness & Mutations

You cannot wear most types of armour.
You are amphibious.
You can wear up to eight rings at the same time.
Your skin changes colour to match your surroundings (Stealth+).
Your rubbery body absorbs attacks. (AC +1, EV +1)
((You are camouflaged near water. (Stealth+)))
You have tentacles for arms and can constrict up to eight enemies at once.


Message History

You are engulfed in a cloud of scalding steam.
You block the steam dragon's attack. x2; The steam dragon bites you!
The steam dragon closely misses you.
You are too injured to fight recklessly!
You are too injured to fight recklessly!
You closely miss the steam dragon.
You squeeze the steam dragon, but do no damage.
The steam dragon bites you. The steam dragon claws you.
* * * LOW HITPOINT WARNING * * *
You puncture the steam dragon!
The steam dragon is moderately wounded.
The steam dragon completely misses you. The steam dragon barely misses you.
You hit the steam dragon.
The steam dragon is heavily wounded.
The steam dragon barely misses you. You block the steam dragon's attack.
The steam dragon bites you!
* * * LOW HITPOINT WARNING * * *
The steam dragon claws you.
* * * LOW HITPOINT WARNING * * *
You puncture the steam dragon!
You feel better.
Your squeeze misses the steam dragon.
The steam dragon is almost dead.
The steam dragon barely misses you. x2
You hit the steam dragon but do no damage.
The steam dragon is almost dead.
The steam dragon bites you.
* * * LOW HITPOINT WARNING * * *
The steam dragon claws you.
* * * LOW HITPOINT WARNING * * *
You barely miss the steam dragon.
The steam dragon is almost dead.
You block the steam dragon's attack. x2
The steam dragon breathes steam at you. The ball of steam misses you.
You barely miss the steam dragon.
You squeeze the steam dragon, but do no damage.
The steam dragon is almost dead.
You are engulfed in a cloud of scalding steam.
You die...
Your body crumbles into a pile of gold.

...........##
..###...#...# .## ###
#...#...# ..#
##.)...## ..# #...###
..# #..## .. # ####
##. # #D# # #@#
######## #§#######
.......## #§§[.?...
..###...## #!.######
### ###..## ###.## #
##....####....## #
#.........>....#
.##..###...#######..#
#...# ##.## #...#


You could see a steam dragon (catching breath).

Vanquished Creatures
  A two-headed ogre (D:8)
  Pikel (D:6)
  3 orc warriors
  2 hornet zombies
  2 ice beasts
  A sky beast (D:6)
  A black bear (Temple)
  2 necrophages
  An ogre (D:7)
  2 centaurs (D:8)
  An elf zombie (Ossuary)
  2 bullfrogs
  3 scorpions
  A wyvern skeleton (D:6)
  3 wights (D:7)
  2 howler monkeys (D:7)
  A bullfrog zombie (D:6)
  3 centaur zombies
  Crazy Yiuf (D:7)
  3 jellies
  3 human zombies (Ossuary)
  2 centaur skeletons
  3 orc priests
  2 hounds
  An orc wizard (D:7)
  2 iguanas
  2 mummies (Ossuary)
  3 gnolls (D:4)
  9 adders
  A shadow imp (D:5)
  2 white imps
  4 ufetubi
  3 adder zombies
  3 worms (D:2)
  13 orcs
  6 ball pythons
  6 bats
  3 endoplasms
  4 giant cockroaches
  3 goblins
  12 hobgoblins
  2 jackals (D:4)
  6 quokkas
  4 frilled lizards
  4 goblin zombies
  8 hobgoblin zombies
  7 kobolds
  9 kobold zombies
  11 orc zombies (Ossuary)
  7 rats
  A rat zombie (D:6)
182 creatures vanquished.

Vanquished Creatures (others)
  A plant (D:4)
1 creature vanquished.

Grand Total: 183 creatures vanquished

Notes
Turn   | Place    | Note
-------+----------+-------------------------------------------
     0 | D:1      | Delamore the Octopode Brigand began the quest for the Orb.
     0 | D:1      | Reached XP level 1. HP: 14/14 MP: 1/1
   266 | D:1      | Reached XP level 2. HP: 20/20 MP: 2/2
   536 | D:1      | Reached XP level 3. HP: 25/25 MP: 3/3
   903 | D:2      | Found a faded altar of an unknown god.
  1454 | D:2      | Reached XP level 4. HP: 31/31 MP: 4/4
  2736 | D:3      | Reached XP level 5. HP: 23/37 MP: 5/5
  3445 | D:4      | Reached XP level 6. HP: 44/44 MP: 6/6
  3557 | D:4      | Reached skill level 1 in Shields
  3576 | D:4      | HP: 1/44 [gnoll (10)]
  3878 | D:4      | You fall into a shaft and drop 1 floor!
  3878 | D:5      | Entered Level 5 of the Dungeon
  3894 | D:5      | Found a shimmering blue altar of Sif Muna.
  3926 | D:4      | Noticed peterlawrence's ghost (amateur MiFi)
  3930 | D:4      | Found a runed translucent door.
  4607 | D:5      | Reached skill level 5 in Fighting
  4607 | D:5      | Reached XP level 7. HP: 28/50 MP: 7/7
  5517 | D:5      | Found a staircase to the Ecumenical Temple.
  5536 | Temple   | Entered the Ecumenical Temple
  6711 | D:6      | Reached XP level 8. HP: 51/55 MP: 8/8
  6738 | D:6      | Found an opulent altar of Gozag.
  6739 | D:6      | Found an iron altar of Okawaru.
  6746 | D:6      | Became a worshipper of Gozag Ym Sagoz the Greedy
  6801 | D:6      | Found a sand-covered staircase.
  6802 | D:6      | Noticed Pikel
  6810 | D:6      | Killed Pikel
  6825 | Ossuary  | Entered an ossuary
  7036 | Ossuary  | Reached skill level 1 in Maces & Flails
  7330 | Ossuary  | Reached skill level 2 in Maces & Flails
  7622 | D:6      | You fall into a shaft and drop 3 floors!
  7622 | D:9      | Noticed a yak
  7630 | D:8      | Reached skill level 3 in Maces & Flails
  7630 | D:8      | Reached XP level 9. HP: 61/61 MP: 9/9
  7969 | D:8      | Reached skill level 4 in Maces & Flails
  8354 | D:7      | Noticed a +0 dagger
  8354 | D:7      | Noticed a +0 short sword
  8354 | D:7      | Noticed a +0 spear
  8354 | D:7      | Noticed a +0 falchion
  8354 | D:7      | Noticed a +0 dagger
  8354 | D:7      | Noticed a +0 falchion
  8417 | D:7      | Noticed a +0 short sword
  8467 | D:7      | Noticed Maggie
  8496 | D:7      | HP: 3/61 [hornet zombie (6)]
  8508 | D:7      | Reached skill level 5 in Maces & Flails
  8966 | D:7      | Found an ornate altar of the Wu Jian Council.
  9172 | D:6      | Reached skill level 6 in Maces & Flails
  9230 | D:6      | Found a basalt altar of Yredelemnul.
  9724 | D:6      | Reached skill level 5 in Throwing
 10094 | D:7      | Noticed a +0 spear
 10113 | D:7      | Found a hide-covered altar of Uskayaw.
 10262 | D:7      | Identified the +1 robe "Sixuolo" {SInv}
 10677 | D:7      | Found a runed translucent door.
 10678 | D:7      | Noticed Crazy Yiuf
 10688 | D:7      | Killed Crazy Yiuf
 10689 | D:7      | Reached skill level 7 in Maces & Flails
 11604 | D:8      | Reached XP level 10. HP: 6/66 MP: 10/10
 11935 | D:8      | Noticed a two-headed ogre
 11951 | D:8      | Killed a two-headed ogre
 11952 | D:8      | Reached skill level 8 in Maces & Flails
 12056 | D:8      | Engulfed by a steam dragon's steam

Illustrated notes

Levels and vault maps discovered:
D:1:      eino_arrival_water_cross, layout_loops_ring, minmay_door_square,
          minmay_pentomino_v2
D:2:      layout_basic, ebering_ecumenical_altar_mist
D:3:      layout_loops_ring
D:4:      layout_loops_ring, hellmonk_ghost_happy_afterlife, serial_forest,
          infiniplex_forest_straight_4, infiniplex_forest_straight_2,
          infiniplex_forest_lined_room_, infiniplex_forest_clump_cross,
          infiniplex_forest_clump_small, infiniplex_forest_end_2,
          infiniplex_forest_lined_ring, infiniplex_forest_end_double,
          grunt_ministairs_11
D:5:      layout_basic, mainiacjoe_overflow_alcove_4,
          minmay_temple_entry_junction_2
D:6:      layout_basic, lemuel_crystal_altar, gammafunk_temple_overflow_pools,
          enter_ossuary_3, uniq_pikel
D:7:      layout_cave_pools, mainiacjoe_overflow_paths,
          nicolae_uskayaw_en_pointe, minmay_misc_feat_chi,
          kennysheep_generic_room_2, uniq_crazy_yiuf_cottage, uniq_maggie
D:8:      layout_layer_cave, minivault_23, chequers_serial_rivers_room_b,
          corexii_checkpoint_a, roderic_serpentine_path,
          kennysheep_generic_room_8
D:9:      layout_small_grid, lemuel_coloured_pillars_altar
Temple:   nicolae_temple_great_sept

Skill      XL: |  1  2  3  4  5  6  7  8  9 10 |
---------------+-------------------------------+-----
Dodging        | 2 3 4 |  4.7
Fighting       | 3 4 5 |  5.0
Shields        | 2 3 4 |  4.0
Short Blades   | 4 6 |  6.8
Maces & Flails | 3 7 8 |  8.2
Throwing       | 3 5 6 |  6.1
Stealth        | |  5.3

Action                   |  1- 3 |  4- 6 |  7- 9 | 10-12 || total
-------------------------+-------+-------+-------+-------++-------
Melee: Dagger            |    62 |    72 |    49 |       ||   183
       Constrict         |    14 |    24 |    59 |       ||    97
       Tentacles         |     7 |    11 |    62 |     3 ||    83
       Trident           |       |    33 |   123 |    12 ||   168
       Whip              |       |       |   132 |       ||   132
Throw: Stone             |    23 |    23 |    40 |       ||    86
       Dart              |     7 |    34 |    37 |     2 ||    80
       Javelin           |       |       |    16 |       ||    16
       Throwing net      |       |       |     1 |       ||     1
       Boomerang         |       |       |       |     6 ||     6
Invok: Potion Petition   |       |       |     1 |       ||     1
Evoke: Wand              |       |       |     3 |       ||     3
  Use: Scroll            |       |     9 |     9 |       ||    18
       Potion            |       |     1 |     2 |       ||     3
 Stab: Sleeping          |     8 |    14 |     7 |       ||    29
Armor: Skin              |     3 |     5 |    14 |       ||    22
Dodge: Dodged            |    30 |    55 |   156 |     9 ||   250
Block: Buckler           |       |     3 |    65 |     5 ||    73
